 Dungeon Crawl Stone Soup version 0.18-a0-824-g47fe746 (webtiles) character file.

189 deanyohobro the Slasher (level 5, -6/38 HPs)
             Began as a Demonspawn Skald on Dec 17, 2015.
             Killed by Olgreb's Toxic Radiance
             ... invoked by WhatIsLove's ghost
              (10 damage)
             ... on level 4 of the Dungeon.
             The game lasted 00:14:33 (3204 turns).

deanyohobro the Slasher (Demonspawn Skald)          Turns: 3204, Time: 00:14:33

Health: -6/38      AC:  7    Str: 13    XL:     5   Next: 40%
Magic:  9/9        EV: 12    Int: 14    God:
Gold:   147        SH:  0    Dex: 14    Spells: 1 memorised, 8 levels left

rFire  . . .     SeeInvis .     a - +0 falchion
rCold  + . .     Gourm    .     b - +0 leather armour
rNeg   . . .     Faith    .     (no shield)
rPois  .         Spirit   .     r - +2 helmet
rElec  .         Dismiss  .     (no cloak)
rCorr  .         Reflect  .     m - +0 pair of gloves
SustAt .         Harm     .     (no boots)
MR     .....                    (no amulet)
Stlth  +.........               (no ring)
                                (no ring)

@: lethally poisoned (-6 -> -13), not resistant to hostile enchantments, very
unstealthy
A: hooves 1, thin skeletal structure 1, cold resistance 1, spiny 1
a: no special abilities


You were on level 4 of the Dungeon.
You were not hungry.

You visited 1 branch of the dungeon, and saw 4 of its levels.

You collected 147 gold pieces.

Inventory:

Hand Weapons
 a - a +0 falchion (weapon)
Armour
 b - a +0 leather armour (worn)
 m - a +0 pair of gloves (worn)
 r - a +2 helmet (worn)
Jewellery
 w - an uncursed ring of fire {unknown}
Wands
 x - a wand of cold (6)
Scrolls
 g - a scroll of enchant armour {unknown}
 h - a scroll of blinking {unknown}
 j - 2 scrolls of identify {unknown}
 l - a scroll of enchant weapon {unknown}
 n - a scroll of fog {unknown}
 p - a scroll of teleportation {unknown}
Potions
 e - 2 potions of haste {unknown}
 f - 2 potions of curing {unknown}
 i - a potion of agility {unknown}
 k - 2 potions of heal wounds {unknown}
 o - 2 potions of brilliance {unknown}
 q - 2 potions of poison {unknown}
 u - 2 potions of cancellation {unknown}
Books
 c - a book of Battle

   Spells                             Type                      Level
   a - Infusion                       Charms                       1
   b - Shroud of Golubria             Charms/Translocation         2
   c - Song of Slaying                Charms                       2
   d - Spectral Weapon                Hexes/Charms                 3
   e - Regeneration                   Charms/Necromancy            3
 s - a book of Cantrips

   Spells                             Type                      Level
   a - Corona                         Hexes                        1
   b - Animate Skeleton               Necromancy                   1
   c - Summon Small Mammal            Summoning                    1
   d - Apportation                    Translocation                1
 t - a book of the Earth

   Spells                             Type                      Level
   a - Leda's Liquefaction            Hexes/Earth                  4
   b - Bolt of Magma                  Conjuration/Fire/Earth       5
   c - Statue Form                    Transmutation/Earth          6
   d - Iron Shot                      Conjuration/Earth            6
   e - Shatter                        Earth                        9
Comestibles
 d - a bread ration
 v - 2 chunks of flesh


   Skills:
 - Level 2.0 Fighting
 * Level 3.5 Long Blades
 - Level 0.8 Armour
 + Level 2.2 Dodging
 + Level 2.9 Spellcasting
 + Level 3.3 Charms


You had 8 spell levels left.
You knew the following spells:

 Your Spells              Type           Power        Failure   Level  Hunger
a - Infusion              Chrm           ##....       10%         1    #......


Dungeon Overview and Level Annotations

Branches:
Dungeon (4/15)
 Temple: D:4-7

Altars:
Cheibriados
Gozag
Kikubaaqudgha
Xom

Annotations:
D:4 WhatIsLove's ghost, amateur GrVM


Innate Abilities, Weirdness & Mutations

You have large cloven feet.
You have a somewhat thin skeletal structure (Dex +2, Stealth).
Your flesh is cold resistant.
You are partially covered in sharp spines.


Message History

You are poisoned.
WhatIsLove's ghost hits you.
WhatIsLove's ghost is struck by your spines.
WhatIsLove's ghost hits you but does no damage.
You are electrocuted!
You hit WhatIsLove's ghost but do no damage.
Your kick misses WhatIsLove's ghost.
WhatIsLove's ghost is lightly damaged.
You feel sick.
You are more poisoned.
WhatIsLove's ghost whispers, "Meet the emptiness of death!"
WhatIsLove's ghost hits you but does no damage.
You are electrocuted!
* * * LOW HITPOINT WARNING * * *
Unknown command.
You closely miss WhatIsLove's ghost. Your kick misses WhatIsLove's ghost.
WhatIsLove's ghost is lightly damaged.
* * * LOW HITPOINT WARNING * * *
You feel sick.
You die...

.................##
..................##
.....>.รท...........##
.....................
.....................
...#.................
.. #.................
. ##..<.............
##.......@.......
##......W...%...
#..............
#..........>...
#...#......s....
...#............
.......$........
..............


You could see a scorpion and WhatIsLove's ghost.

Vanquished Creatures
  A giant frog skeleton (D:3)
  2 orc wizards (D:3)
  An adder (D:2)
  2 oozes
  3 worms
  A giant gecko (D:3)
  4 orcs (D:3)
  2 ball pythons
  3 giant cockroaches
  4 goblins
  7 hobgoblins
  3 quokkas
  14 bats
  7 giant newts
  A jackal skeleton (D:4)
  13 kobolds
  9 rats
77 creatures vanquished.

Notes
Turn   | Place    | Note
--------------------------------------------------------------
     0 | D:1      | deanyohobro the Demonspawn Skald began the quest for the Orb.
     0 | D:1      | Reached XP level 1. HP: 16/16 MP: 3/3
    25 | D:1      | Reached skill level 1 in Dodging
   191 | D:1      | Gained mutation: You are partially covered in sharp spines. [demonic ancestry]
   191 | D:1      | Reached XP level 2. HP: 20/22 MP: 5/5
   475 | D:1      | Gained mutation: Your flesh is cold resistant. [demonic ancestry]
   475 | D:1      | Reached XP level 3. HP: 27/27 MP: 6/6
   944 | D:2      | Reached skill level 3 in Charms
  1843 | D:2      | Gained mutation: You have a somewhat thin skeletal structure (Dex +2, Stealth). [demonic ancestry]
  1843 | D:2      | Reached XP level 4. HP: 33/33 MP: 7/7
  2399 | D:3      | Gained mutation: You have large cloven feet. [demonic ancestry]
  2399 | D:3      | Reached XP level 5. HP: 9/38 MP: 3/9
  2703 | D:3      | Found an opulent altar of Gozag.
  2774 | D:3      | Found a snail-covered altar of Cheibriados.
  2787 | D:3      | Found an ancient bone altar of Kikubaaqudgha.
  2793 | D:3      | Found a shimmering altar of Xom.
  3197 | D:4      | Noticed WhatIsLove's ghost (amateur GrVM)
  3204 | D:4      | Killed from afar by WhatIsLove's ghost

Vault maps used:
D:1:      minmay_arrival_hallway
D:3:      minmay_overflow_temple_star_quad, grunt_gozag_statues
D:4:      kennysheep_mini_moat, temple_statues

Action                   |  1- 3 |  4- 6 || total
-------------------------+-------+-------++-------
Melee: Falchion          |    68 |    40 ||   108
 Cast: Infusion          |     1 |     1 ||     2
 Stab: Sleeping          |       |     3 ||     3
  Eat: Chunk             |     2 |     1 ||     3
       Bread ration      |       |     1 ||     1
